 Dungeon Crawl Stone Soup version 0.28-b1-25-g9875b3fc8c (console) character file.

Game seed: 7725753749582349034

96 syban the Digger (level 4, -1/35 HPs)
             Began as a Palentonga Earth Elementalist on Jan 31, 2022.
             Splashed by a jelly's acid (6 damage)
             ... on level 2 of the Dungeon.
             The game lasted 00:03:36 (2745 turns).

syban the Digger (Palentonga Earth Elementalist)    Turns: 2745, Time: 00:03:38

Health: -1/35      AC:  6    Str: 13    XL:     4   Next: 41%
Magic:  10/16      EV:  4    Int: 15    God:
Gold:   54         SH:  0    Dex: 11    Spells: 6/7 levels left

rFire   . . .      SeeInvis +   h - +3 mace
rCold   . . .      Faith    .   (no shield)
rNeg    + . .      Spirit   .   d - +2 chain mail {rN+}
rPois   .          Reflect  .   j - +0 helmet
rElec   .          Harm     .   (no cloak)
rCorr   .          Rampage  .   (no gloves)
Will    .....                   (no barding)
Stlth   ..........              (no amulet)
HPRegen 0.11/turn               f - ring of magical power
MPRegen 0.15/turn               (no ring)

@: corroded, very slightly contaminated
A: large, rugged brown scales 3, see invisible, deformed body, roll 1, armoured
tail
a: Rolling Charge


You were on level 2 of the Dungeon.
You visited 1 branch of the dungeon, and saw 2 of its levels.

You collected 54 gold pieces.

Inventory:

Hand Weapons
 e - a +0 spear
 g - a +0 dagger of venom
 h - a +3 mace (weapon)
Missiles
 c - 84 stones
Armour
 b - a +0 robe
 d - a +2 chain mail of positive energy (worn)
 j - a +0 helmet (worn)
Jewellery
 f - a ring of magical power (left hand)
Wands
 i - a wand of mindburst (4)
Potions
 a - 2 potions of curing {unknown}


   Skills:
 * Level 1.9 Fighting
 * Level 1.8 Armour
 + Level 2.6 Dodging
 - Level 1.2 Stealth
 - Level 2.0 Spellcasting
 - Level 1.0 Transmutations
 - Level 2.6 Earth Magic


You had 6 spell levels left.
You knew the following spells:

 Your Spells              Type           Power      Damage    Failure   Level
a - Sandblast             Erth           18%        2d7       94%         1

Your spell library contained the following spells:

 Spells                   Type           Power      Damage    Failure   Level
 Passwall                 Tmut/Erth      5%         N/A       99%         2
 Static Discharge         Conj/Air       1%         N/A       100%        2
 Stone Arrow              Conj/Erth      10%        3d7       100%        3
 Dispel Undead            Necr           1%         3d6       100%        4
 Petrify                  Tmut/Erth      7%         N/A       100%        4
 Sticky Flame             Conj/Fire      1%         2d3       100%        4


Dungeon Overview and Level Annotations

Branches:
Dungeon (2/15)

Altars:


Innate Abilities, Weirdness & Mutations

You are completely covered in rugged brown scales. (AC +3, +7% HP)
You have supernaturally acute eyesight. (SInv)
Armour fits poorly on your strangely shaped body.
You can roll at nearby foes to attack.
You have a long armoured tail.


Message History

Casting: Sandblast (safe; 94% risk of failure)
Confirm with . or Enter, or press ? or * to list all spells.
Aiming: Sandblast (safe; 94% risk of failure)
Press: ? - help, Shift-Dir - straight line, f/p - jelly
Aim: a jelly (almost dead, 100% to hit)
You miscast Sandblast.
Nothing appears to happen.
The jelly barely misses you.
Unknown command.
Casting: Sandblast (safe; 94% risk of failure)
Confirm with . or Enter, or press ? or * to list all spells.
Aiming: Sandblast (safe; 94% risk of failure)
Press: ? - help, Shift-Dir - straight line, f/p - jelly
Aim: a jelly (almost dead, 100% to hit)
You miscast Sandblast.
Nothing appears to happen.
The jelly hits you but does no damage.
Unknown command.
Casting: Sandblast (safe; 94% risk of failure)
Confirm with . or Enter, or press ? or * to list all spells.
Aiming: Sandblast (safe; 94% risk of failure)
Press: ? - help, Shift-Dir - straight line, f/p - jelly
Aim: a jelly (almost dead, 100% to hit)
You miscast Sandblast.
Nothing appears to happen.
The jelly hits you but does no damage.
Unknown command.
Casting: Sandblast (safe; 94% risk of failure)
Confirm with . or Enter, or press ? or * to list all spells.
Aiming: Sandblast (safe; 94% risk of failure)
Press: ? - help, Shift-Dir - straight line, f/p - jelly
Aim: a jelly (almost dead, 100% to hit)
You miscast Sandblast.
Nothing appears to happen.
The jelly hits you but does no damage.
Unknown command.
Casting: Sandblast (safe; 94% risk of failure)
Confirm with . or Enter, or press ? or * to list all spells.
Aiming: Sandblast (safe; 94% risk of failure)
Press: ? - help, Shift-Dir - straight line, f/p - jelly
Aim: a jelly (almost dead, 100% to hit)
You miscast Sandblast.
Nothing appears to happen.
The jelly hits you.
* * * LOW HITPOINT WARNING * * *
You are splashed with acid.
You die...

# ##.....## ##)))..## #
##.).## #.......# #
##'## #.......# # #.#
#.......# # #.#
#..[....# #######.###
####...(# #.........#
##..'....#
..###.....####.########
### ##......###.@JJJJ##
##.##### #######J# #.#
JP.PJP...# #.#
.P.J.J.J.# #.#
.J÷..P...# #.#
.J.J...÷÷# #.#
÷.JP...P.# #.#
!..P.....# #.#
########## ###


You could see a jelly and 4 endoplasms.

Vanquished Creatures
  A jelly (D:2)
  A dart slug (D:1)
  7 ball pythons
  7 endoplasms
  6 giant cockroaches
  2 hobgoblins (D:1)
  3 jackals (D:1)
  13 kobolds
  2 quokkas (D:1)
  2 bats (D:1)
  3 frilled lizards
  7 goblins
  9 rats (D:1)
63 creatures vanquished.

Vanquished Creatures (others)
  5 fungi (D:2)
  7 plants (D:1)
  8 toadstools (D:2)
20 creatures vanquished.

Grand Total: 83 creatures vanquished

Notes
Turn   | Place    | Note
-------+----------+-------------------------------------------
     0 | D:1      | syban the Palentonga Earth Elementalist began the quest for
                  | the Orb.
     0 | D:1      | Reached XP level 1. HP: 13/13 MP: 3/3
   616 | D:1      | Reached XP level 2. HP: 20/21 MP: 5/5
   771 | D:1      | Reached skill level 1 in Fighting
  1086 | D:1      | Reached skill level 1 in Armour
  1139 | D:1      | Reached XP level 3. HP: 17/27 MP: 6/6
  2727 | D:2      | Reached XP level 4. HP: 25/35 MP: 7/7
  2745 | D:2      | Splashed by a jelly's acid

Illustrated notes

Levels and vault maps discovered:
D:1:      tarquinn_simple_flora_water_d, layout_basic, serial_bayou_pond_a,
          hangedman_abyss_or_decor_stabs, dk_noncrumbling_3,
          minmay_rat_gold_closets
D:2:      cheibrodos_fertilizer, layout_loops_corners,
          kennysheep_generic_room_11

Skill      XL: |  1  2 |
---------------+-------+-----
Dodging        | 2 |  2.6
Fighting       | 1 |  1.9
Armour         | 1 |  1.8
Stealth        | |  1.2
Spellcasting   | |  2.0
Transmutations | |  1.0
Earth Magic    | |  2.6

Action                   |  1- 3 |  4- 6 || total
-------------------------+-------+-------++-------
Melee: Unarmed           |    79 |       ||    79
       Tailslap          |    25 |     2 ||    27
       Spear             |    58 |       ||    58
       Mace              |    48 |     9 ||    57
       Dagger            |     2 |       ||     2
       Punch             |     1 |       ||     1
 Cast: Sandblast         |    12 |       ||    12
 Stab: Sleeping          |     2 |       ||     2
Armor: Robe              |    26 |       ||    26
       Chain mail        |    90 |    11 ||   101
Dodge: Dodged            |    77 |     2 ||    79
